 Dungeon Crawl Stone Soup version 0.27-a0-906-g0a00ce863d (webtiles) character file.

Game seed: 14553059632230935574

72 mhtbhm the Skirmisher (level 4, -2/43 HPs)
             Began as a Gargoyle Berserker on Apr 7, 2021.
             Was a Follower of Trog.
             Slain by a frilled lizard (3 damage)
             ... on level 2 of the Dungeon.
             The game lasted 00:01:27 (1712 turns).

mhtbhm the Skirmisher (Gargoyle Berserker)          Turns: 1712, Time: 00:01:28

Health: -2/43      AC:  5    Str: 21    XL:     4   Next: 26%
Magic:  4/4        EV: 12    Int:  8    God:    Trog [*.....]
Gold:   50         SH:  0    Dex:  9    Spells: 3/3 levels left

rFire    . . .     SeeInvis .   a - +0 mace
rCold    . . .     Faith    .   (no shield)
rNeg     + . .     Spirit   .   b - +0 animal skin
rPois    ∞         Reflect  .   (no helmet)
rElec    +         Harm     .   (no cloak)
rCorr    +         Rampage  .   (no gloves)
Will     .....                  (no boots)
Stlth    ..........             (no amulet)
HPRegen  0.14/turn              d - ring of resist corrosion
MPRegen  0.09/turn              (no ring)

@: berserking, very quick
A: AC +3, negative energy resistance 1, electricity resistance, torment
resistance 1, unbreathing 1, petrification resistance
a: Renounce Religion, Berserk


You were on level 2 of the Dungeon.
You worshipped Trog.
Trog was aware of your devotion.
You visited 1 branch of the dungeon, and saw 2 of its levels.

You collected 50 gold pieces.

Inventory:

Hand Weapons
 a - a +0 mace (weapon)
Armour
 b - a +0 animal skin (worn)
Jewellery
 d - a ring of resist corrosion (left hand)
Scrolls
 e - a scroll of noise
 g - a scroll of holy word


   Skills:
 + Level 4.0 Fighting
 + Level 3.9 Maces & Flails
 + Level 2.3 Armour
 + Level 2.1 Dodging
 + Level 1.0 Stealth


You had 3 spell levels left.
You didn't know any spells.
Your spell library was empty.

Dungeon Overview and Level Annotations

Branches:
Dungeon (2/15)

Altars:

Annotations:
D:2 Robin


Innate Abilities, Weirdness & Mutations

Your stone body is resilient. (AC +3)
You are immune to poison.
You resist negative energy. (rN+)
You are resistant to electric shocks. (rElec)
You are resistant to unholy torment.
You can survive without breathing.
You are immune to petrification.


Message History

The goblin is heavily wounded.
Robin says, "Feeling lonely?"
The frilled lizard bites you but does no damage.
The goblin hits you with a +0 dagger. x2
The goblin hits you with a +2 dagger of pain.
The goblin barely misses you.
You closely miss the goblin.
The goblin is heavily wounded.
The goblin hits you but does no damage. The frilled lizard bites you.
The goblin hits you with a +0 dagger. x2
* * * LOW HITPOINT WARNING * * *
The goblin hits you with a +2 dagger of pain.
* * * LOW HITPOINT WARNING * * *
Unknown command.
Okay, then.
You aren't carrying any potions.
Unknown command.
A red film seems to cover your vision as you go berserk!
You feel yourself moving faster!
You feel mighty! The frilled lizard barely misses you.
The goblin barely misses you. The goblin hits you with a +0 dagger.
* * * LOW HITPOINT WARNING * * *
The goblin hits you with a +0 dagger.
* * * LOW HITPOINT WARNING * * *
The goblin barely misses you.
You thump the goblin!
You kill the goblin!
Trog accepts your kill. Robin throws the goblin at you!
The goblin hits you but does no damage. The frilled lizard bites you.
* * * LOW HITPOINT WARNING * * *
The goblin hits you but does no damage. The goblin barely misses you.
The goblin hits you with a +2 dagger of pain.
* * * LOW HITPOINT WARNING * * *
Unknown command.
You thump the goblin!
You kill the goblin!
Trog accepts your kill. The goblin misses you. The frilled lizard bites you.
You die...

...............#
............####
#⌠###8###8#...####
###########.#....#
>.........>.##...##
............#8...8#
........###.##...##
........# #.##.)g#
........###.##gg@##
.###........#8ggl8# .#
#.#########)gg## .#
#..#8###8##...# .#
#............... ##
#...........⌠.....
..##...............g...
......#8###8##...##8###
..###.########...# ##


You could see Robin, 2 hobgoblins, 4 goblins and a frilled lizard.

Vanquished Creatures
  Natasha (twice) (D:2)
  2 dart slugs (D:1)
  2 endoplasms (D:1)
  A giant cockroach (D:1)
  5 goblins
  3 hobgoblins
  A bat (D:1)
  A frilled lizard (D:1)
  2 kobolds
  A rat (D:1)
20 creatures vanquished.

Notes
Turn   | Place    | Note
-------+----------+-------------------------------------------
     0 | D:1      | mhtbhm the Gargoyle Berserker began the quest for the Orb.
     0 | D:1      | Reached XP level 1. HP: 14/14 MP: 1/1
   226 | D:1      | Reached XP level 2. HP: 17/19 MP: 2/2
  1242 | D:2      | Noticed Natasha
  1250 | D:2      | Killed Natasha
  1251 | D:2      | Reached XP level 3. HP: 10/24 MP: 3/3
  1262 | D:2      | Noticed Natasha
  1267 | D:2      | HP: 1/24 [Natasha (3)]
  1268 | D:2      | Killed Natasha
  1269 | D:2      | Reached skill level 4 in Fighting
  1269 | D:2      | Reached skill level 1 in Stealth
  1269 | D:2      | Reached XP level 4. HP: 2/29 MP: 4/4
  1694 | D:2      | Noticed Robin
  1711 | D:2      | HP: 1/43 [goblin/+2 dagger of pain[Robin] (2)]
  1712 | D:2      | Slain by a frilled lizard

Illustrated notes

Levels and vault maps discovered:
D:1:      sevenhm_arrival_forest_fort_large_4, layout_loops_corners,
          kennysheep_crisscross, minmay_tree_intersection
D:2:      layout_basic, serial_corexii_hall, corexii_hall_statues_u,
          corexii_hall_statues_x, corexii_hall_statues_l,
          corexii_hall_statues_u, chequers_hall_statues_wall_a,
          corexii_hall_statues_deadend, minmay_split_cup_large, uniq_robin,
          uniq_natasha

Skill      XL: |  1  2  3 |
---------------+----------+-----
Fighting       | 4 |  4.0
Dodging        | 2 |  2.1
Stealth        | 1 |  1.0
Maces & Flails | |  3.9
Armour         | |  2.3

Action                   |  1- 3 |  4- 6 || total
-------------------------+-------+-------++-------
Melee: Mace              |    61 |    17 ||    78
Invok: Berserk           |     1 |     1 ||     2
  Use: Scroll            |       |     3 ||     3
       Potion            |       |     1 ||     1
 Stab: Sleeping          |     1 |       ||     1
Armor: Animal skin       |    19 |    30 ||    49
Dodge: Dodged            |    47 |    43 ||    90

Table legend: (Time is in decaauts)
 A = Elapsed time spent in this place.
 B = Non-inter-level travel time spent in this place.
 C = Inter-level travel time spent in this place.
 D = Time resting spent in this place.
 E = Time spent auto-exploring this place.
 F = Levels seen in this place.
 G = Mean time per level.
                   A        B        C        D        E       F      G
               +--------+--------+--------+--------+--------+-----+--------+
         Total |   1747 |   1731 |     16 |    282 |   1217 |   2 |  873.5 |
       Dungeon |   1747 |   1731 |     16 |    282 |   1217 |   2 |  873.5 |
               +--------+--------+--------+--------+--------+-----+--------+

Top non-repeatable levels by time:
     D:1: 1477 daAuts
     D:2: 270 daAuts
